BUFFALO vs PHILADELPHIA

Created - February-02-21 at 11:48

Goals
1 2 3 T
BUFFALO 0 1 2 3
PHILADELPHIA 0 2 0 2
Shots
1 2 3 T
BUFFALO 6 9 11 26
PHILADELPHIA 5 8 3 16

1st period

No Goal

Penalties :
Tyler Pitlick (PHI) for Holding (Minor) at 6:28, Richard Panik (PHI) for Hooking (Minor) at 11:53, Matt Grzelcyk (BUF) for Tripping (Minor) at 19:48

2nd period

1. BUFFALO , Marco Scandella 1 (Eric Staal 4, James van Riemsdyk 2) at 2:16
2. PHILADELPHIA , Tyler Ennis 7 (Erik Gudbranson 4, Brian Elliott) at 3:16
3. PHILADELPHIA , Valtteri Filppula 2 (Conor Garland 8, Michael Stone 5) at 13:10

Penalties :
Richard Panik (PHI) for Roughing (Minor) at 5:05, Richard Panik (PHI) for Tripping (Minor) at 18:31

3rd period

4. BUFFALO , Shea Theodore 4 (Charlie Coyle 5, Eric Staal 5) at 2:45 (PP)
5. BUFFALO , Drew Doughty 5 (Brad Marchand 8, Matt Duchene 8) at 19:11 (PP)

Penalties :
Erik Gudbranson (PHI) for Interference (Minor) at 1:33, Tyler Ennis (PHI) for Hooking (Minor) at 4:12, James van Riemsdyk (BUF) for Tripping (Minor) at 8:16, Tyler Pitlick (PHI) for Roughing (Minor) at 18:28

Goalie Stats

Tuukka Rask (BUF), 14 saves from 16 shots - (0.875), W, 6-4-2, 60:00 minutes
Brian Elliott (PHI), 23 saves from 26 shots - (0.885), L, 6-7-2, 59:20 minutes

Players Stats for BUFFALO

Player Name              G  A  P  +/- PIM S  H  SB GA TA FO     MP     PP MP  PK MP  
------------------------------------------------------------------------------------
Alex Killorn             0  0  0   0  0   3  1  0  0  0  0/2    12:24   0:00   0:00 
Brad Marchand            0  1  1  -1  0   2  2  0  0  0  1/2    22:25   7:41   2:51 
Carl Hagelin             0  0  0   0  0   1  0  0  0  0  0/1    13:31   0:00   1:07 
Charlie Coyle            0  1  1   0  0   1  1  0  0  0  0/0    17:38   3:16   0:00 
Drew Doughty             1  0  1  -1  0   1  2  0  0  0  0/0    24:51   7:07   1:57 
Eric Staal               0  2  2   0  0   2  1  0  0  0  10/21  17:01   3:16   0:11 
Frank Vatrano            0  0  0   0  0   0  0  0  0  0  0/0     7:14   0:53   0:00 
James van Riemsdyk       0  1  1   0  2   2  0  0  0  0  0/0    16:49   3:16   0:00 
Jordan Staal             0  0  0   0  0   2  1  0  0  0  13/16  16:45   0:53   2:40 
Marco Scandella          1  0  1   1  0   2  0  1  0  0  0/0    15:22   0:00   0:00 
Matt Duchene             0  1  1  -1  0   2  1  0  0  0  9/20   18:46   7:41   0:00 
Matt Grzelcyk            0  0  0   1  2   0  3  2  0  0  0/0    15:21   0:00   0:00 
Noah Hanifin             0  0  0  -1  0   2  0  1  0  0  0/0    19:47   4:43   2:01 
Noel Acciari             0  0  0   0  0   0  1  0  0  0  4/6     8:21   0:53   1:07 
Ondrej Kase              0  0  0   0  0   0  0  0  0  0  0/0     6:21   0:00   0:00 
Phil Kessel              0  0  0  -1  0   0  1  0  0  0  1/1    18:46   7:41   0:00 
Roman Josi               0  0  0  -1  0   2  0  0  0  0  0/0    24:51   7:07   1:57 
Shea Theodore            1  0  1  -1  0   4  2  0  0  0  0/0    19:47   4:43   2:01 

Players Stats for PHILADELPHIA

Player Name              G  A  P  +/- PIM S  H  SB GA TA FO     MP     PP MP  PK MP  
------------------------------------------------------------------------------------
Adam Pelech              0  0  0   1  0   0  2  1  0  0  0/0    21:43   1:37   5:49 
Andre Burakovsky         0  0  0   0  0   3  2  0  0  0  0/0    22:34   1:37   7:12 
Anthony Cirelli          0  0  0   0  0   1  2  0  0  0  10/25  22:43   1:37   7:21 
Conor Garland            0  1  1   2  0   2  1  0  0  0  0/0    14:51   2:21   0:00 
Erik Gudbranson          0  1  1   1  2   0  2  2  0  0  0/0    21:42   1:37   5:49 
Henrik Zetterberg        0  0  0   0  0   0  2  1  0  0  0/2     6:16   0:00   0:00 
Jack Hughes              0  0  0  -1  0   0  0  0  0  0  7/12   12:41   0:00   1:00 
Lias Andersson           0  0  0  -1  0   2  0  0  0  0  0/0    11:41   0:00   0:00 
Mathias Brome            0  0  0   0  0   0  0  0  0  0  0/0     6:47   0:00   0:31 
Michael Stone            0  1  1   0  0   1  1  1  0  0  0/0    14:46   0:00   0:00 
Mikko Lehtonen           0  0  0   0  0   0  0  1  0  0  0/0    14:09   0:00   0:11 
Nikita Gusev             0  0  0   0  0   0  1  0  0  0  3/7    19:10   1:37   3:48 
Olli Maatta              0  0  0   0  0   0  2  4  0  0  0/0    23:23   2:21   5:53 
Richard Panik            0  0  0  -1  6   1  2  1  0  0  1/2    11:38   0:00   0:00 
Travis Sanheim           0  0  0   0  0   0  0  3  0  0  0/0    24:16   2:21   5:58 
Tyler Ennis              1  0  1   2  2   2  0  1  0  0  0/0    14:50   2:21   0:00 
Tyler Pitlick            0  0  0   0  4   1  0  1  0  0  0/1     6:14   0:00   0:00 
Valtteri Filppula        1  0  1   2  0   3  0  1  0  0  10/20  18:39   2:21   3:48 

3 Stars

1 - Valtteri Filppula (PHI)
2 - Marco Scandella (BUF)
3 - Eric Staal (BUF)

Power Play

BUFFALO - 2 on 7 Attempt(s) - 28.57%
PHILADELPHIA - 0 on 2 Attempt(s) - 0.00%

Penalty Kill

BUFFALO - 2 on 2 Attempt(s) - 100.00% - Score 0 goal in Penalty Kill
PHILADELPHIA - 5 on 7 Attempt(s) - 71.43% - Score 0 goal in Penalty Kill

Team Stat

BUFFALO - Hits : 16 - Faceoff Wins : 38 - Blocked Shots : 4 - Penalty Minutes : 4
PHILADELPHIA - Hits : 17 - Faceoff Wins : 31 - Blocked Shots : 17 - Penalty Minutes : 14

Official

Referees : Frederick L'Ecuyer and Furman South
Linesman : Kyle Flemington and Neil Campbell

Game Notes

No Game Note

Finance

Level 1 -- Attendance: 4171 (69.52%) -- Ticket Income $417,100
Level 2 -- Attendance: 3909 (78.18%) -- Ticket Income $234,540
Level 3 -- Attendance: 1858 (92.90%) -- Ticket Income $65,030
Level 4 -- Attendance: 3562 (89.05%) -- Ticket Income $71,240
Luxury Box -- Attendance: 685 (68.50%) -- Ticket Income $137,000
Game was played at the Wells Fargo Center.
Total Attendance: 14185 (78.81%)
Total Ticket Income: $924,910
Total Income: $924,910

BUFFALO

5 vs 5 Forward 
   Center                   Left Wing                Right Wing               Time % Phy DF OF 
 1 Matt Duchene             Brad Marchand            Phil Kessel              35     1   2  2  
 2 Eric Staal               James van Riemsdyk       Charlie Coyle            30     1   2  2  
 3 Jordan Staal             Alex Killorn             Carl Hagelin             25     1   2  2  
 4 Noel Acciari             Frank Vatrano            Ondrej Kase              10     1   2  2  

5 vs 5 Defense 
   Defense                  Defense                                           Time % Phy DF OF 
 1 Roman Josi               Drew Doughty                                      35     1   2  2  
 2 Noah Hanifin             Shea Theodore                                     30     1   2  2  
 3 Marco Scandella          Matt Grzelcyk                                     25     1   2  2  
 4 Roman Josi               Drew Doughty                                      10     1   2  2  

PowerPlay Forward 
   Center                   Left Wing                Right Wing               Time % Phy DF OF 
 1 Matt Duchene             Brad Marchand            Phil Kessel              60     1   2  2  
 2 Eric Staal               James van Riemsdyk       Charlie Coyle            40     1   2  2  

PowerPlay Defense
   Defense                  Defense                                           Time % Phy DF OF 
 1 Roman Josi               Drew Doughty                                      60     1   2  2  
 2 Noah Hanifin             Shea Theodore                                     40     1   2  2  

Penalty Kill 4 Players Forward 
   Center                   Wing                     Time % Phy DF OF 
 1 Jordan Staal             Brad Marchand            60     1   2  2  
 2 Noel Acciari             Carl Hagelin             40     1   2  2  

Penalty Kill 4 Players Defense
   Defense                  Defense                  Time % Phy DF OF 
 1 Roman Josi               Drew Doughty             60     1   2  2  
 2 Noah Hanifin             Shea Theodore            40     1   2  2  

Penalty Kill - 3 Players Forward 
   Forward                                           Time % Phy DF OF 
 1 Jordan Staal                                      60     1   2  2  
 2 Noel Acciari                                      40     1   2  2  

Penalty Kill - 3 Players Defense
   Defense                  Defense                  Time % Phy DF OF 
 1 Roman Josi               Drew Doughty             60     1   2  2  
 2 Noah Hanifin             Shea Theodore            40     1   2  2  

4 vs 4 Forward 
   Center                   Wing                     Time % Phy DF OF 
 1 Eric Staal               Brad Marchand            60     1   2  2  
 2 Jordan Staal             Alex Killorn             40     1   2  2  

4 vs 4 Defense
   Defense                  Defense                  Time % Phy DF OF 
 1 Roman Josi               Drew Doughty             60     1   2  2  
 2 Noah Hanifin             Shea Theodore            40     1   2  2  

Last Minutes Offensive
   Center                   Left Wing                Right Wing               Defense                  Defense                  
   Matt Duchene             Brad Marchand            Phil Kessel              Roman Josi               Drew Doughty             

Last Minutes Defensive
   Center                   Left Wing                Right Wing               Defense                  Defense                  
   Jordan Staal             Brad Marchand            Charlie Coyle            Roman Josi               Drew Doughty             

Goaltenders
Starting : Tuukka Rask              
Backup : Alex Stalock             

Extra Forwards
Normal : Jordan Staal, James van Riemsdyk, Carl Hagelin - PP : Jordan Staal, James van Riemsdyk - PK : Carl Hagelin
Extra Defensemen
Normal : Marco Scandella, Matt Grzelcyk, Noah Hanifin - PP : Marco Scandella - PK : Matt Grzelcyk, Noah Hanifin
Penalty Shots
Matt Duchene, Charlie Coyle, Ondrej Kase, Brad Marchand, James van Riemsdyk

Scratches
None

PHILADELPHIA

5 vs 5 Forward 
   Center                   Left Wing                Right Wing               Time % Phy DF OF 
 1 Anthony Cirelli          Andre Burakovsky         Nikita Gusev             35     1   2  2  
 2 Valtteri Filppula        Tyler Ennis              Conor Garland            30     1   2  2  
 3 Jack Hughes              Lias Andersson           Richard Panik            25     1   2  2  
 4 Henrik Zetterberg        Mathias Brome            Tyler Pitlick            10     1   2  2  

5 vs 5 Defense 
   Defense                  Defense                                           Time % Phy DF OF 
 1 Olli Maatta              Travis Sanheim                                    35     1   2  2  
 2 Adam Pelech              Erik Gudbranson                                   30     1   2  2  
 3 Michael Stone            Mikko Lehtonen                                    25     1   2  2  
 4 Olli Maatta              Travis Sanheim                                    10     1   2  2  

PowerPlay Forward 
   Center                   Left Wing                Right Wing               Time % Phy DF OF 
 1 Anthony Cirelli          Andre Burakovsky         Nikita Gusev             60     1   2  2  
 2 Valtteri Filppula        Tyler Ennis              Conor Garland            40     1   2  2  

PowerPlay Defense
   Defense                  Defense                                           Time % Phy DF OF 
 1 Olli Maatta              Travis Sanheim                                    60     1   2  2  
 2 Adam Pelech              Erik Gudbranson                                   40     1   2  2  

Penalty Kill 4 Players Forward 
   Center                   Wing                     Time % Phy DF OF 
 1 Anthony Cirelli          Andre Burakovsky         60     1   2  2  
 2 Nikita Gusev             Valtteri Filppula        40     1   2  2  

Penalty Kill 4 Players Defense
   Defense                  Defense                  Time % Phy DF OF 
 1 Olli Maatta              Travis Sanheim           60     1   2  2  
 2 Adam Pelech              Erik Gudbranson          40     1   2  2  

Penalty Kill - 3 Players Forward 
   Forward                                           Time % Phy DF OF 
 1 Anthony Cirelli                                   60     1   2  2  
 2 Andre Burakovsky                                  40     1   2  2  

Penalty Kill - 3 Players Defense
   Defense                  Defense                  Time % Phy DF OF 
 1 Olli Maatta              Travis Sanheim           60     1   2  2  
 2 Adam Pelech              Erik Gudbranson          40     1   2  2  

4 vs 4 Forward 
   Center                   Wing                     Time % Phy DF OF 
 1 Anthony Cirelli          Andre Burakovsky         60     1   2  2  
 2 Nikita Gusev             Valtteri Filppula        40     1   2  2  

4 vs 4 Defense
   Defense                  Defense                  Time % Phy DF OF 
 1 Olli Maatta              Travis Sanheim           60     1   2  2  
 2 Adam Pelech              Erik Gudbranson          40     1   2  2  

Last Minutes Offensive
   Center                   Left Wing                Right Wing               Defense                  Defense                  
   Anthony Cirelli          Andre Burakovsky         Nikita Gusev             Olli Maatta              Travis Sanheim           

Last Minutes Defensive
   Center                   Left Wing                Right Wing               Defense                  Defense                  
   Anthony Cirelli          Andre Burakovsky         Nikita Gusev             Olli Maatta              Travis Sanheim           

Goaltenders
Starting : Brian Elliott            
Backup : Anthony Stolarz          

Extra Forwards
Normal : Richard Panik, Tyler Pitlick, Jack Hughes - PP : Richard Panik, Tyler Pitlick - PK : Jack Hughes
Extra Defensemen
Normal : Michael Stone, Mikko Lehtonen, Adam Pelech - PP : Michael Stone - PK : Mikko Lehtonen, Adam Pelech
Penalty Shots
Anthony Cirelli, Andre Burakovsky, Nikita Gusev, Valtteri Filppula, Tyler Ennis

Scratches
PHI Cap Hit (Suspend)

% Time on Ice - BUFFALO

Lines # - Real PCT - Wanted PCT - Time Play
Normal Forward
1 - 26% - 35% - 11:05
2 - 31% - 30% - 13:34
3 - 29% - 25% - 12:24
4 - 15% - 10% - 6:21
Normal Defense
1 - 32% - 35% - 13:57
2 - 30% - 30% - 13:03
3 - 35% - 25% - 15:22
4 - 2% - 10% - 1:02
PP Forward
1 - 65% - 60% - 7:41
2 - 35% - 40% - 4:09
PP Defense
1 - 60% - 60% - 7:07
2 - 40% - 40% - 4:43
PK Forward
1 - 72% - 60% - 2:51
2 - 28% - 40% - 1:07
PK Defense
1 - 49% - 60% - 1:57
2 - 51% - 40% - 2:01
PK3 Forward
1 - 0% - 60%
2 - 0% - 40%
PK3 Defense
1 - 0% - 60%
2 - 0% - 40%
44 Forward
1 - 0% - 60%
2 - 0% - 40%
44 Defense
1 - 0% - 60%
2 - 0% - 40%
Last Minute Offensive  - 0:00
Last Minute Defensive  - 0:48
Total
Forward - 60:00
Defense - 60:00

% Time on Ice - PHILADELPHIA

Lines # - Real PCT - Wanted PCT - Time Play
Normal Forward
1 - 30% - 35% - 12:57
2 - 29% - 30% - 12:30
3 - 27% - 25% - 11:41
4 - 14% - 10% - 6:16
Normal Defense
1 - 32% - 35% - 14:04
2 - 33% - 30% - 14:17
3 - 32% - 25% - 13:58
4 - 2% - 10% - 1:05
PP Forward
1 - 41% - 60% - 1:37
2 - 59% - 40% - 2:21
PP Defense
1 - 59% - 60% - 2:21
2 - 41% - 40% - 1:37
PK Forward
1 - 68% - 60% - 8:02
2 - 32% - 40% - 3:48
PK Defense
1 - 51% - 60% - 6:01
2 - 49% - 40% - 5:49
PK3 Forward
1 - 0% - 60%
2 - 0% - 40%
PK3 Defense
1 - 0% - 60%
2 - 0% - 40%
44 Forward
1 - 0% - 60%
2 - 0% - 40%
44 Defense
1 - 0% - 60%
2 - 0% - 40%
Last Minute Offensive  - 0:48
Last Minute Defensive  - 0:00
Total
Forward - 60:00
Defense - 60:00

Play-by-Play

1st period


0:01 of 1st period - Anthony Cirelli wins face-off versus Matt Duchene in neutral zone.
0:08 of 1st period - Shot by Anthony Cirelli.
0:08 of 1st period - Shot Misses the Net.
1:05 of 1st period - Conor Garland is hit by Shea Theodore.
1:23 of 1st period - Shot by Valtteri Filppula.
1:23 of 1st period - Shot Misses the Net.
1:53 of 1st period - Shot by Jack Hughes.
1:53 of 1st period - Shot Misses the Net.
3:51 of 1st period - Brad Marchand is hit by Anthony Cirelli and loses puck.
4:00 of 1st period - Shot by Matt Duchene.
4:00 of 1st period - Shot Misses the Net.
4:02 of 1st period - Shot by Matt Duchene.
4:02 of 1st period - Stopped by Brian Elliott without a rebound.
4:03 of 1st period - Eric Staal wins face-off versus Valtteri Filppula in PHILADELPHIA zone.
4:09 of 1st period - Charlie Coyle is hit by Michael Stone and loses puck.
4:32 of 1st period - Shot by Conor Garland.
4:32 of 1st period - Stopped by Tuukka Rask without a rebound.
4:33 of 1st period - Jack Hughes wins face-off versus Alex Killorn in BUFFALO zone.
4:53 of 1st period - Shot by Jack Hughes.
4:53 of 1st period - Shot Misses the Net.
5:44 of 1st period - Off-side.
5:45 of 1st period - Valtteri Filppula wins face-off versus Eric Staal in neutral zone.
6:28 of 1st period - Minor Penalty to Tyler Pitlick for Holding.
6:29 of 1st period - Matt Duchene wins face-off versus Anthony Cirelli in PHILADELPHIA zone.
7:00 of 1st period - Shot by Matt Duchene.
7:00 of 1st period - Shot Misses the Net.
7:02 of 1st period - Shot by Roman Josi.
7:02 of 1st period - Shot Blocked by Travis Sanheim.
7:04 of 1st period - Shot by Roman Josi.
7:04 of 1st period - Shot Blocked by Olli Maatta.
7:06 of 1st period - Shot by Roman Josi.
7:06 of 1st period - Stopped by Brian Elliott without a rebound.
7:07 of 1st period - Nikita Gusev wins face-off versus Eric Staal in PHILADELPHIA zone.
7:26 of 1st period - Shot by Shea Theodore.
7:26 of 1st period - Stopped by Brian Elliott without a rebound.
7:27 of 1st period - Nikita Gusev wins face-off versus Matt Duchene in PHILADELPHIA zone.
10:18 of 1st period - Shot by Andre Burakovsky.
10:18 of 1st period - Stopped by Tuukka Rask without a rebound.
10:19 of 1st period - Matt Duchene wins face-off versus Valtteri Filppula in BUFFALO zone.
11:36 of 1st period - Shot by Lias Andersson.
11:36 of 1st period - Shot Misses the Net.
11:52 of 1st period - Shot by Richard Panik.
11:52 of 1st period - Shot Misses the Net.
11:53 of 1st period - Minor Penalty to Richard Panik for Hooking.
11:54 of 1st period - Anthony Cirelli wins face-off versus Matt Duchene in PHILADELPHIA zone.
12:13 of 1st period - Shot by Brad Marchand.
12:13 of 1st period - Shot Blocked by Olli Maatta.
12:44 of 1st period - Shot by Roman Josi.
12:44 of 1st period - Stopped by Brian Elliott without a rebound.
12:45 of 1st period - Eric Staal wins face-off versus Anthony Cirelli in PHILADELPHIA zone.
12:52 of 1st period - Shot by Roman Josi.
12:52 of 1st period - Shot Misses the Net.
13:02 of 1st period - Olli Maatta is hit by Eric Staal.
13:33 of 1st period - Icing by Noah Hanifin.
13:34 of 1st period - Anthony Cirelli wins face-off versus Matt Duchene in BUFFALO zone.
13:43 of 1st period - Shot by Andre Burakovsky.
13:43 of 1st period - Stopped by Tuukka Rask without a rebound.
13:44 of 1st period - Eric Staal wins face-off versus Nikita Gusev in BUFFALO zone.
13:51 of 1st period - Shot by Eric Staal.
13:51 of 1st period - Stopped by Brian Elliott without a rebound.
13:52 of 1st period - Anthony Cirelli wins face-off versus Brad Marchand in PHILADELPHIA zone.
14:09 of 1st period - Roman Josi is hit by Conor Garland and loses puck.
14:13 of 1st period - Icing by Roman Josi.
14:14 of 1st period - Jordan Staal wins face-off versus Jack Hughes in BUFFALO zone.
17:08 of 1st period - Shot by Charlie Coyle.
17:08 of 1st period - Shot Blocked by Erik Gudbranson.
17:34 of 1st period - Richard Panik is hit by Noel Acciari and loses puck.
17:54 of 1st period - Icing by Olli Maatta.
17:55 of 1st period - Jack Hughes wins face-off versus Jordan Staal in PHILADELPHIA zone.
17:55 of 1st period - Jack Hughes is hit by Jordan Staal.
18:15 of 1st period - Shot by Alex Killorn.
18:15 of 1st period - Stopped by Brian Elliott without a rebound.
18:16 of 1st period - Anthony Cirelli wins face-off versus Eric Staal in PHILADELPHIA zone.
18:27 of 1st period - Shot by Andre Burakovsky.
18:27 of 1st period - Stopped by Tuukka Rask without a rebound.
18:28 of 1st period - Valtteri Filppula wins face-off versus Alex Killorn in BUFFALO zone.
18:33 of 1st period - Shot by Conor Garland.
18:33 of 1st period - Shot Blocked by Matt Grzelcyk.
18:35 of 1st period - Shot by Tyler Ennis.
18:35 of 1st period - Stopped by Tuukka Rask with a rebound.
18:42 of 1st period - Valtteri Filppula is hit by Matt Grzelcyk and loses puck.
19:23 of 1st period - Jordan Staal is hit by Nikita Gusev and loses puck.
19:42 of 1st period - Andre Burakovsky is hit by Matt Grzelcyk and loses puck.
19:48 of 1st period - Minor Penalty to Matt Grzelcyk for Tripping.
19:49 of 1st period - Eric Staal wins face-off versus Anthony Cirelli in BUFFALO zone.
19:51 of 1st period - Drew Doughty is hit by Anthony Cirelli and loses puck.
Goals for this period are 0 for BUFFALO vs 0 for PHILADELPHIA.
Shots for this period are 6 for BUFFALO vs 5 for PHILADELPHIA.

2nd period


0:01 of 2nd period - Jordan Staal wins face-off versus Anthony Cirelli in neutral zone.
1:01 of 2nd period - Off-side.
1:02 of 2nd period - Valtteri Filppula wins face-off versus Noel Acciari in neutral zone.
1:52 of 2nd period - Icing by Matt Grzelcyk.
1:53 of 2nd period - Jack Hughes wins face-off versus Eric Staal in BUFFALO zone.
2:14 of 2nd period - Shot by Eric Staal.
2:14 of 2nd period - Shot Blocked by Mikko Lehtonen.
2:16 of 2nd period - Shot by Marco Scandella.
2:16 of 2nd period - Goal by Marco Scandella - BUFFALO : 1 - PHILADELPHIA : 0.
2:17 of 2nd period - Noel Acciari wins face-off versus Anthony Cirelli in neutral zone.
3:16 of 2nd period - Shot by Tyler Ennis.
3:16 of 2nd period - Goal by Tyler Ennis - BUFFALO : 1 - PHILADELPHIA : 1.
3:17 of 2nd period - Jack Hughes wins face-off versus Matt Duchene in neutral zone.
3:38 of 2nd period - Shot by Lias Andersson.
3:38 of 2nd period - Stopped by Tuukka Rask without a rebound.
3:39 of 2nd period - Valtteri Filppula wins face-off versus Eric Staal in BUFFALO zone.
4:06 of 2nd period - Shot by James van Riemsdyk.
4:06 of 2nd period - Shot Misses the Net.
4:53 of 2nd period - Icing by James van Riemsdyk.
4:54 of 2nd period - Eric Staal wins face-off versus Jack Hughes in BUFFALO zone.
4:54 of 2nd period - Eric Staal is hit by Richard Panik.
5:05 of 2nd period - Minor Penalty to Richard Panik for Roughing.
5:06 of 2nd period - Anthony Cirelli wins face-off versus Matt Duchene in PHILADELPHIA zone.
5:15 of 2nd period - Anthony Cirelli is hit by Matt Duchene and loses puck.
6:07 of 2nd period - Icing by Noah Hanifin.
6:08 of 2nd period - Jordan Staal wins face-off versus Anthony Cirelli in BUFFALO zone.
7:10 of 2nd period - Icing by Matt Grzelcyk.
7:11 of 2nd period - Jordan Staal wins face-off versus Valtteri Filppula in BUFFALO zone.
7:34 of 2nd period - Shot by Jordan Staal.
7:34 of 2nd period - Stopped by Brian Elliott without a rebound.
7:35 of 2nd period - Richard Panik wins face-off versus Matt Duchene in PHILADELPHIA zone.
7:58 of 2nd period - Shot by Brad Marchand.
7:58 of 2nd period - Shot Blocked by Adam Pelech.
8:00 of 2nd period - Shot by Roman Josi.
8:00 of 2nd period - Shot Blocked by Richard Panik.
8:48 of 2nd period - James van Riemsdyk is hit by Olli Maatta and loses puck.
8:53 of 2nd period - Shot by James van Riemsdyk.
8:53 of 2nd period - Stopped by Brian Elliott with a rebound.
8:55 of 2nd period - Shot by Noah Hanifin.
8:55 of 2nd period - Shot Misses the Net.
8:57 of 2nd period - Shot by James van Riemsdyk.
8:57 of 2nd period - Shot Misses the Net.
8:59 of 2nd period - Shot by Shea Theodore.
8:59 of 2nd period - Stopped by Brian Elliott without a rebound.
9:00 of 2nd period - Valtteri Filppula wins face-off versus Noel Acciari in PHILADELPHIA zone.
9:24 of 2nd period - Shot by Valtteri Filppula.
9:24 of 2nd period - Shot Misses the Net.
9:26 of 2nd period - Shot by Conor Garland.
9:26 of 2nd period - Shot Blocked by Matt Grzelcyk.
9:28 of 2nd period - Shot by Michael Stone.
9:28 of 2nd period - Shot Blocked by Marco Scandella.
9:30 of 2nd period - Shot by Tyler Ennis.
9:30 of 2nd period - Shot Misses the Net.
9:51 of 2nd period - Noel Acciari is hit by Olli Maatta.
10:14 of 2nd period - Icing by Anthony Cirelli.
10:15 of 2nd period - Matt Duchene wins face-off versus Anthony Cirelli in PHILADELPHIA zone.
10:23 of 2nd period - Icing by Travis Sanheim.
10:24 of 2nd period - Matt Duchene wins face-off versus Anthony Cirelli in PHILADELPHIA zone.
10:46 of 2nd period - Roman Josi is hit by Adam Pelech and loses puck.
11:21 of 2nd period - Shot by Richard Panik.
11:21 of 2nd period - Deflect By Lias Andersson.
11:21 of 2nd period - Stopped by Tuukka Rask without a rebound.
11:22 of 2nd period - Eric Staal wins face-off versus Valtteri Filppula in BUFFALO zone.
11:43 of 2nd period - Shot by Valtteri Filppula.
11:43 of 2nd period - Stopped by Tuukka Rask without a rebound.
11:44 of 2nd period - Jordan Staal wins face-off versus Henrik Zetterberg in BUFFALO zone.
12:58 of 2nd period - Shot by Andre Burakovsky.
12:58 of 2nd period - Deflect By Anthony Cirelli.
12:58 of 2nd period - Stopped by Tuukka Rask without a rebound.
12:59 of 2nd period - Valtteri Filppula wins face-off versus Matt Duchene in BUFFALO zone.
13:10 of 2nd period - Shot by Valtteri Filppula.
13:10 of 2nd period - Goal by Valtteri Filppula - BUFFALO : 1 - PHILADELPHIA : 2.
13:11 of 2nd period - Jack Hughes wins face-off versus Eric Staal in neutral zone.
13:19 of 2nd period - Icing by Noah Hanifin.
13:20 of 2nd period - Anthony Cirelli wins face-off versus Eric Staal in BUFFALO zone.
14:15 of 2nd period - Shot by Brad Marchand.
14:15 of 2nd period - Shot Misses the Net.
14:17 of 2nd period - Shot by Phil Kessel.
14:17 of 2nd period - Shot Misses the Net.
14:23 of 2nd period - Shot by Brad Marchand.
14:23 of 2nd period - Stopped by Brian Elliott without a rebound.
14:24 of 2nd period - Jordan Staal wins face-off versus Valtteri Filppula in PHILADELPHIA zone.
14:35 of 2nd period - Shot by Jordan Staal.
14:35 of 2nd period - Shot Misses the Net.
14:37 of 2nd period - Shot by Marco Scandella.
14:37 of 2nd period - Stopped by Brian Elliott without a rebound.
14:38 of 2nd period - Matt Duchene wins face-off versus Jack Hughes in PHILADELPHIA zone.
15:11 of 2nd period - Off-side.
15:12 of 2nd period - Valtteri Filppula wins face-off versus Eric Staal in neutral zone.
15:12 of 2nd period - Valtteri Filppula is hit by Charlie Coyle.
15:44 of 2nd period - Eric Staal is hit by Adam Pelech and loses puck.
16:12 of 2nd period - Icing by Noah Hanifin.
16:13 of 2nd period - Eric Staal wins face-off versus Nikita Gusev in BUFFALO zone.
17:15 of 2nd period - Shot by Richard Panik.
17:15 of 2nd period - Stopped by Tuukka Rask without a rebound.
17:16 of 2nd period - Jordan Staal wins face-off versus Tyler Pitlick in BUFFALO zone.
17:16 of 2nd period - Jordan Staal is hit by Henrik Zetterberg.
17:34 of 2nd period - Shot by Alex Killorn.
17:34 of 2nd period - Stopped by Brian Elliott without a rebound.
17:35 of 2nd period - Noel Acciari wins face-off versus Valtteri Filppula in PHILADELPHIA zone.
17:41 of 2nd period - Conor Garland is hit by Shea Theodore and loses puck.
17:48 of 2nd period - Shot by Conor Garland.
17:48 of 2nd period - Shot Blocked by Noah Hanifin.
17:50 of 2nd period - Shot by Michael Stone.
17:50 of 2nd period - Shot Misses the Net.
17:52 of 2nd period - Shot by Michael Stone.
17:52 of 2nd period - Shot Misses the Net.
17:54 of 2nd period - Shot by Michael Stone.
17:54 of 2nd period - Stopped by Tuukka Rask without a rebound.
17:55 of 2nd period - Jack Hughes wins face-off versus Eric Staal in BUFFALO zone.
17:55 of 2nd period - Olli Maatta is hit by Drew Doughty and loses puck.
18:01 of 2nd period - Charlie Coyle is hit by Richard Panik and loses puck.
18:31 of 2nd period - Minor Penalty to Richard Panik for Tripping.
18:32 of 2nd period - Matt Duchene wins face-off versus Anthony Cirelli in PHILADELPHIA zone.
18:49 of 2nd period - Shot by Noah Hanifin.
18:49 of 2nd period - Shot Blocked by Erik Gudbranson.
18:51 of 2nd period - Shot by Shea Theodore.
18:51 of 2nd period - Shot Misses the Net.
18:53 of 2nd period - Shot by Shea Theodore.
18:53 of 2nd period - Stopped by Brian Elliott without a rebound.
18:54 of 2nd period - Matt Duchene wins face-off versus Anthony Cirelli in PHILADELPHIA zone.
19:45 of 2nd period - Icing by Noah Hanifin.
19:46 of 2nd period - Nikita Gusev wins face-off versus Eric Staal in BUFFALO zone.
19:57 of 2nd period - Shot by Eric Staal.
19:57 of 2nd period - Stopped by Brian Elliott without a rebound.
19:58 of 2nd period - Eric Staal wins face-off versus Nikita Gusev in PHILADELPHIA zone.
Goals for this period are 1 for BUFFALO vs 2 for PHILADELPHIA.
Shots for this period are 9 for BUFFALO vs 8 for PHILADELPHIA.

3rd period


0:01 of 3rd period - Phil Kessel wins face-off versus Anthony Cirelli in neutral zone.
0:32 of 3rd period - Shot by Jordan Staal.
0:32 of 3rd period - Shot Blocked by Tyler Ennis.
0:58 of 3rd period - Shot by Alex Killorn.
0:58 of 3rd period - Deflect By Jordan Staal.
0:58 of 3rd period - Stopped by Brian Elliott with a rebound.
1:33 of 3rd period - Minor Penalty to Erik Gudbranson for Interference.
1:34 of 3rd period - Anthony Cirelli wins face-off versus Matt Duchene in PHILADELPHIA zone.
1:34 of 3rd period - Andre Burakovsky is hit by Phil Kessel and loses puck.
2:15 of 3rd period - Shot by Roman Josi.
2:15 of 3rd period - Shot Blocked by Travis Sanheim.
2:17 of 3rd period - Shot by Roman Josi.
2:17 of 3rd period - Deflect By Brad Marchand.
2:17 of 3rd period - Shot Blocked by Olli Maatta.
2:45 of 3rd period - Shot by Shea Theodore.
2:45 of 3rd period - Goal by Shea Theodore - BUFFALO : 2 - PHILADELPHIA : 2.
2:46 of 3rd period - Jordan Staal wins face-off versus Richard Panik in neutral zone.
3:05 of 3rd period - Lias Andersson is hit by Matt Grzelcyk and loses puck.
3:16 of 3rd period - Shot by Alex Killorn.
3:16 of 3rd period - Shot Blocked by Michael Stone.
3:18 of 3rd period - Shot by Matt Grzelcyk.
3:18 of 3rd period - Shot Misses the Net.
3:51 of 3rd period - Icing by Roman Josi.
3:52 of 3rd period - Valtteri Filppula wins face-off versus Eric Staal in BUFFALO zone.
4:12 of 3rd period - Minor Penalty to Tyler Ennis for Hooking.
4:13 of 3rd period - Brad Marchand wins face-off versus Anthony Cirelli in PHILADELPHIA zone.
4:58 of 3rd period - Olli Maatta is hit by Brad Marchand and loses puck.
5:29 of 3rd period - Shot by Drew Doughty.
5:29 of 3rd period - Shot Blocked by Travis Sanheim.
5:31 of 3rd period - Shot by Charlie Coyle.
5:31 of 3rd period - Stopped by Brian Elliott with a rebound.
5:33 of 3rd period - Shot by Eric Staal.
5:33 of 3rd period - Shot Misses the Net.
5:35 of 3rd period - Shot by Charlie Coyle.
5:35 of 3rd period - Shot Blocked by Olli Maatta.
5:37 of 3rd period - Shot by Charlie Coyle.
5:37 of 3rd period - Shot Misses the Net.
5:39 of 3rd period - Shot by James van Riemsdyk.
5:39 of 3rd period - Shot Blocked by Valtteri Filppula.
5:41 of 3rd period - Shot by Roman Josi.
5:41 of 3rd period - Shot Misses the Net.
5:43 of 3rd period - Shot by James van Riemsdyk.
5:43 of 3rd period - Stopped by Brian Elliott without a rebound.
5:44 of 3rd period - Anthony Cirelli wins face-off versus Matt Duchene in PHILADELPHIA zone.
6:12 of 3rd period - Adam Pelech is hit by Alex Killorn and loses puck.
6:21 of 3rd period - Matt Grzelcyk is hit by Henrik Zetterberg and loses puck.
6:26 of 3rd period - Shot by Tyler Pitlick.
6:26 of 3rd period - Shot Misses the Net.
6:28 of 3rd period - Shot by Henrik Zetterberg.
6:28 of 3rd period - Deflect By Tyler Pitlick.
6:28 of 3rd period - Stopped by Tuukka Rask without a rebound.
6:29 of 3rd period - Noel Acciari wins face-off versus Jack Hughes in BUFFALO zone.
6:42 of 3rd period - Shot by Noah Hanifin.
6:42 of 3rd period - Stopped by Brian Elliott without a rebound.
6:43 of 3rd period - Eric Staal wins face-off versus Valtteri Filppula in PHILADELPHIA zone.
6:59 of 3rd period - Shot by Valtteri Filppula.
6:59 of 3rd period - Stopped by Tuukka Rask without a rebound.
7:00 of 3rd period - Jordan Staal wins face-off versus Anthony Cirelli in BUFFALO zone.
7:17 of 3rd period - Shot by Carl Hagelin.
7:17 of 3rd period - Deflect By Alex Killorn.
7:17 of 3rd period - Shot Misses the Net.
7:25 of 3rd period - Shot by Alex Killorn.
7:25 of 3rd period - Stopped by Brian Elliott without a rebound.
7:26 of 3rd period - Matt Duchene wins face-off versus Valtteri Filppula in PHILADELPHIA zone.
7:43 of 3rd period - Shot by Matt Duchene.
7:43 of 3rd period - Stopped by Brian Elliott with a rebound.
7:45 of 3rd period - Shot by Phil Kessel.
7:45 of 3rd period - Deflect By Brad Marchand.
7:45 of 3rd period - Stopped by Brian Elliott without a rebound.
7:46 of 3rd period - Eric Staal wins face-off versus Nikita Gusev in PHILADELPHIA zone.
8:16 of 3rd period - Minor Penalty to James van Riemsdyk for Tripping.
8:17 of 3rd period - Valtteri Filppula wins face-off versus Jordan Staal in BUFFALO zone.
9:16 of 3rd period - Noel Acciari is hit by Andre Burakovsky and loses puck.
9:31 of 3rd period - Shot by Noah Hanifin.
9:31 of 3rd period - Stopped by Brian Elliott without a rebound.
9:32 of 3rd period - Valtteri Filppula wins face-off versus Jordan Staal in PHILADELPHIA zone.
9:34 of 3rd period - Icing by Travis Sanheim.
9:35 of 3rd period - Jordan Staal wins face-off versus Valtteri Filppula in PHILADELPHIA zone.
10:01 of 3rd period - Valtteri Filppula is hit by Drew Doughty and loses puck.
10:42 of 3rd period - Shot by Charlie Coyle.
10:42 of 3rd period - Shot Blocked by Tyler Pitlick.
10:44 of 3rd period - Shot by Eric Staal.
10:44 of 3rd period - Shot Misses the Net.
10:46 of 3rd period - Shot by Marco Scandella.
10:46 of 3rd period - Shot Blocked by Henrik Zetterberg.
11:14 of 3rd period - Shot by Ondrej Kase.
11:14 of 3rd period - Deflect By Frank Vatrano.
11:14 of 3rd period - Shot Misses the Net.
11:16 of 3rd period - Shot by Ondrej Kase.
11:16 of 3rd period - Shot Misses the Net.
12:23 of 3rd period - Icing by Anthony Cirelli.
12:24 of 3rd period - Jordan Staal wins face-off versus Anthony Cirelli in PHILADELPHIA zone.
12:54 of 3rd period - Carl Hagelin is hit by Erik Gudbranson and loses puck.
13:32 of 3rd period - Eric Staal is hit by Erik Gudbranson and loses puck.
13:43 of 3rd period - Noah Hanifin is hit by Andre Burakovsky and loses puck.
14:41 of 3rd period - Shot by Conor Garland.
14:41 of 3rd period - Stopped by Tuukka Rask without a rebound.
14:42 of 3rd period - Jack Hughes wins face-off versus Carl Hagelin in BUFFALO zone.
14:49 of 3rd period - Shot by Richard Panik.
14:49 of 3rd period - Shot Misses the Net.
14:51 of 3rd period - Shot by Jack Hughes.
14:51 of 3rd period - Shot Misses the Net.
15:43 of 3rd period - Icing by Noah Hanifin.
15:44 of 3rd period - Noel Acciari wins face-off versus Henrik Zetterberg in BUFFALO zone.
16:26 of 3rd period - Off-side.
16:27 of 3rd period - Matt Duchene wins face-off versus Valtteri Filppula in neutral zone.
16:30 of 3rd period - Shot by Drew Doughty.
16:30 of 3rd period - Shot Misses the Net.
16:54 of 3rd period - Shot by Valtteri Filppula.
16:54 of 3rd period - Shot Misses the Net.
17:33 of 3rd period - Icing by Travis Sanheim.
17:34 of 3rd period - Jordan Staal wins face-off versus Jack Hughes in PHILADELPHIA zone.
17:59 of 3rd period - Shot by Alex Killorn.
17:59 of 3rd period - Shot Misses the Net.
18:01 of 3rd period - Shot by Carl Hagelin.
18:01 of 3rd period - Shot Misses the Net.
18:03 of 3rd period - Shot by Alex Killorn.
18:03 of 3rd period - Shot Misses the Net.
18:05 of 3rd period - Shot by Jordan Staal.
18:05 of 3rd period - Deflect By Carl Hagelin.
18:05 of 3rd period - Stopped by Brian Elliott with a rebound.
18:28 of 3rd period - Minor Penalty to Tyler Pitlick for Roughing.
18:29 of 3rd period - Anthony Cirelli wins face-off versus Matt Duchene in PHILADELPHIA zone.
18:40 of 3rd period - Adam Pelech is hit by Brad Marchand and loses puck.
19:11 of 3rd period - Shot by Drew Doughty.
19:11 of 3rd period - Goal by Drew Doughty - BUFFALO : 3 - PHILADELPHIA : 2.
19:12 of 3rd period - Jordan Staal wins face-off versus Anthony Cirelli in neutral zone.
19:20 of 3rd period - PHILADELPHIA, Brian Elliott is pulled from the net.
19:44 of 3rd period - Shot by Nikita Gusev.
19:44 of 3rd period - Shot Misses the Net.
Goals for this period are 2 for BUFFALO vs 0 for PHILADELPHIA.
Shots for this period are 11 for BUFFALO vs 3 for PHILADELPHIA.